 Dungeon Crawl Stone Soup version bcrawl-1.22 (webtiles) character file.

Game seed: 9660624774913926895

52033 Morbidden the Blocker (level 14, 0/84 HPs)
             Began as a Jungle Stalker Monk on May 21, 2020.
             Was the Champion of Makhleb.
             Killed from afar by Jorgrun (17 damage)
             ... with an iron shot
             ... while petrified by Jorgrun
             ... in the Orcish Mines.
             The game lasted 00:43:26 (17806 turns).

Morbidden the Blocker (Jungle Stalker Monk)        Turns: 17806, Time: 00:43:27

Health: 0/84       AC: 13    Str: 20    XL:     14   Next: 62%
Magic:  0/29       EV: -1    Int: 10    God:    Makhleb [******]
Gold:   1483       SH:  0    Dex: 16    Spells: 33/33 levels left

rFire    + + .     SeeInvis .   a - +3 scimitar (elec)
rCold    + . .     Gourm    .   l - +1 medium shield {rC+ rF+}
rNeg     + + +     Faith    .   k - +2 scale mail {rF+}
rPois    ∞         Spirit   +   q - +0 hat
rElec    .         Reflect  .   (no cloak)
rCorr    .         Harm     .   (no gloves)
MR       +....                  K - +2 pair of boots {Fly}
Stlth    ++++++....             c - amulet of guardian spirit
HPRegen  1.04/turn              F - ring of stealth
MPRegen  0.21/turn              v - ring of stealth

@: petrified, grasped by roots, flying, constricted
A: fangs 3, poison resistance, regeneration 2, acidic bite, no potion heal 3,
rot immunity, strong jaws
a: Minor Destruction, Lesser Servant of Makhleb, Major Destruction, Greater
Servant of Makhleb, Renounce Religion, Stop Flying


You were in the Orcish Mines.
You worshipped Makhleb.
Makhleb was exalted by your worship.
You were not hungry.

You visited 4 branches of the dungeon, and saw 19 of its levels.

You collected 1791 gold pieces.
You spent 308 gold pieces at shops.

Inventory:

Hand Weapons
 a - a +3 scimitar of electrocution (weapon)
 b - a +3 dagger of venom
Armour
 k - a +2 scale mail of fire resistance (worn)
 l - a +1 medium shield of resistance (worn)
 q - a +0 hat (worn)
 K - a +2 pair of boots of flying (worn)
Jewellery
 c - an amulet of guardian spirit (around neck)
 v - a ring of stealth (right hand)
 F - a ring of stealth (left hand)
 J - an uncursed ring of protection from cold
Wands
 f - a wand of random effects (15)
 m - a wand of polymorph (23)
 w - a wand of flame (24)
 y - a wand of acid (3)
 I - a wand of paralysis (23)
 L - a wand of iceblast (7)
 O - a wand of digging (11)
Scrolls
 d - 13 scrolls of remove curse
 g - a scroll of noise
 j - 4 scrolls of teleportation
 r - 4 scrolls of identify
 s - 3 scrolls of magic mapping
 A - 3 scrolls of enchant armour
 B - a scroll of blinking
 E - a scroll of immolation
 G - a scroll of enchant weapon
 H - 4 scrolls of amnesia
 N - 2 scrolls of fog
Potions
 h - 5 potions of might
 i - 11 potions of curing
 n - 2 potions of berserk rage
 o - 2 potions of haste
 p - 4 potions of agility
 t - 4 potions of heal wounds
 u - 6 potions of flight
 x - a potion of invisibility {unknown}
 z - a potion of lignification {unknown}
 C - a potion of ambrosia
 D - 2 potions of brilliance {unknown}
 P - a potion of mutation {unknown}
Comestibles
 e - 39 rations {!d}
 M - 5 chunks of flesh


   Skills:
 * Level 8.7 Fighting
 - Level 5.7(8.1) Short Blades
 * Level 8.9(9.6) Long Blades
 + Level 6.7 Armour
 + Level 6.5 Dodging
 + Level 6.0 Stealth
 * Level 11.4 Shields
 - Level 3.6 Unarmed Combat
 * Level 10.1 Spellcasting
 * Level 8.2 Invocations
 + Level 0.2 Evocations


You had 33 spell levels left.
You didn't know any spells.
Your spell library contained the following spells:

 Spells                   Type           Power        Failure   Level  Hunger
 Throw Frost              Conj/Ice       #.....       32%         2    None
 Corona                   Hex            #......      50%         1    None
 Freeze                   Ice            #.....       50%         1    None
 Magic Dart               Conj           #...         50%         1    None
 Sandblast                Erth           #.....       50%         1    None
 Sting                    Conj/Pois      #...         50%         1    None
 Blink                    Tloc           N/A          63%         2    None
 Call Imp                 Summ           #.....       63%         2    None
 Ensorcelled Hibernation  Hex/Ice        #.....       63%         2    None
 Passwall                 Tmut/Erth      #.......     63%         2    None
 Poisonous Vapours        Pois/Air       #.....       63%         2    None
 Confuse                  Hex            #.......     86%         3    ##.....
 Conjure Flame            Conj/Fire      #.......     86%         3    ##.....
 Dazzling Spray           Conj/Hex       #.....       86%         3    ##.....
 Ignite Poison            Fire/Tmut/Pois #.......     86%         3    ##.....
 Mephitic Cloud           Conj/Pois/Air  #.......     86%         3    ##.....
 Ozocubu's Armour         Chrm/Ice       #.......     86%         3    ##.....
 Spider Form              Tmut/Pois      #..          86%         3    ##.....
 Stone Arrow              Conj/Erth      #.....       86%         3    ##.....
 Tukima's Dance           Hex            #.......     86%         3    ##.....
 Ice Form                 Ice/Tmut       #.......     99%         4    ####...
 Olgreb's Toxic Radiance  Pois           #........    99%         4    ####...
 Petrify                  Tmut/Erth      #.......     99%         4    ####...
 Summon Ice Beast         Ice/Summ       #.......     99%         4    ####...
 Summon Scorpions         Summ/Pois      #.......     99%         4    ####...
 Throw Icicle             Conj/Ice       #.......     99%         4    ####...
 Yara's Violent Unravell  Hex/Tmut       #.........   99%         4    ####...
 Bolt of Magma            Conj/Fire/Erth #.........   100%        5    #####..
 Lee's Rapid Deconstruct  Erth           #.........   100%        5    #####..
 Metabolic Englaciation   Hex/Ice        #.........   100%        5    #####..
 Venom Bolt               Conj/Pois      #.........   100%        5    #####..
 Bolt of Cold             Conj/Ice       #.........   100%        6    #######
 Freezing Cloud           Ice/Air        #.........   100%        6    #######
 Iron Shot                Conj/Erth      #.........   100%        6    #######
 Ozocubu's Refrigeration  Ice            #.........   100%        6    #######
 Simulacrum               Ice/Necr       #.........   100%        6    #######
 Statue Form              Tmut/Erth      #........    100%        6    #######
 Mana Rupture             Conj/Hex       #.........   100%        7    #######
 Shatter                  Erth           #.........   100%        9    #######


Dungeon Overview and Level Annotations

Branches:
Dungeon (12/12)            Temple (1/1) D:6            Lair (5/6) D:8
 Shoals (0/3) Lair:3       Spider (0/3) Lair:3          Orc (1/1) D:10
    Elf (0/3) Orc          Vaults (0/3) D:11         Depths (0/5) D:12
  Slime: Lair:5-6

Altars:
Ashenzari
Cheibriados
Dithmenos
Elyvilon
Fedhas
Gozag
Hepliaklqana
Kikubaaqudgha
Lugonu
Makhleb
Nemelex Xobeh
Okawaru
Qazlal
Ru
Sif Muna
Trog
Uskayaw
Vehumet
Wu Jian
Xom
Yredelemnul
Zin
The Shining One

Shops:
D:5 *   D:6 :   D:10 (*   D:12 (

Portals:
Trove: D:10 (give 14 potions of heal wounds)

Annotations:
Lair:2 2 transporters, yrara's ghost, journeyman DsFi
Lair:5 exclusion: 2 oklob plants Orc Jorgrun


Innate Abilities, Weirdness & Mutations

You have razor-sharp teeth.
Your system is resistant to poisons. (rPois)
You heal very quickly.
You have acidic saliva.
Potions cannot restore your health.
You are immune to rotting.
Your bites deal extra damage.


Message History

The grasping roots constrict you!
You have turned to stone.
The troll bites you but does no damage. The troll claws you.
The troll claws you but does no damage. Jorgrun hits you but does no damage.
The grasping roots constrict you. The troll bites you but does no damage.
The troll claws you. The troll claws you but does no damage.
Jorgrun hits you with a +0 quarterstaff of crushing.
The grasping roots constrict you. The troll bites you!
* * * LOW HITPOINT WARNING * * *
The troll claws you. The troll claws you but does no damage.
Jorgrun hits you with a +0 quarterstaff of crushing!
* * * LOW HITPOINT WARNING * * *
x2 The grasping roots constrict you!
The troll bites you but does no damage. The troll claws you but does no damage.
The troll claws you.
* * * LOW HITPOINT WARNING * * *
Jorgrun casts a spell at you. The iron shot hits you!!!
You die...

####...## #####.....## .
#####.#.....÷.#### ..
#.#..........>...#
...#.....#..........### #.....
.....#..#...........#.## #..g....
....................#.## .......#
#.............#......... ..g....#
#.....g@.....####.......
.....#.###......T....#.# #.......
........#####........#######.....
.......##..#..........##.#......#
.......#........................#
.......................#.......#.
........g.....##................#
..............###................
#........EE...# ##..............#


You could see Jorgrun and a troll.

Vanquished Creatures
  An ironheart preserver (D:11)
  Fannar (Orc)
  7 hydras
  3 rakshasas (D:12)
  3 centaur warriors
  A death yak (Lair:3)
  A two-headed ogre (D:9)
  Nergalle (Lair:4)
  Sonja (Lair:3)
  3 cyclopes
  A lindwurm (shapeshifter) (D:12)
  An ugly thing (D:10)
  An oklob plant (Lair:5)
  2 manticores
  Joseph (Lair:1)
  2 centaur zombies
  7 elephants
  2 black mambas
  3 merfolk sirens (Lair:3)
  A torpor snail (Lair:3)
  4 centaur skeletons
  4 cane toads
  A gargoyle (D:12)
  5 rime drakes
  5 komodo dragons
  A freezing wraith (D:10)
  A tengu conjurer (D:11)
  3 hornets
  3 trolls
  4 polar bears (Lair:1)
  A jumping spider (Lair:3)
  A troll (shapeshifter) (D:12)
  A merfolk (Lair:3)
  3 slime creatures (D:12)
  22 blink frogs
  7 hippogriffs
  Prince Ribbit (D:8)
  4 dream sheep (Lair:3)
  A spriggan (Lair:3)
  A wyvern (shapeshifter) (D:12)
  4 redbacks (Lair:3)
  16 yaks
  A wyvern (D:10)
  3 hogs (D:7)
  A basilisk (Lair:1)
  Grum (D:10)
  Eustachio (D:4)
  A wraith (D:10)
  A human (D:7)
  A vampire mosquito (D:10)
  9 crocodiles
  6 porcupines
  5 water moccasins
  4 ice beasts
  2 sky beasts (D:4)
  A phantom (D:6)
  5 black bears
  3 necrophages
  6 wolves (Lair:2)
  6 ogres
  11 orc warriors
  9 centaurs
  2 big kobolds (D:10)
  13 bullfrogs
  A wyvern skeleton (D:7)
  5 scorpions
  5 killer bees (D:10)
  14 wights
  3 howler monkeys (D:8)
  9 crimson imps
  2 bullfrog zombies
  11 orc wizards
  6 hounds
  4 jellies
  8 orc priests
  A gnoll shaman (D:7)
  2 bullfrog skeletons (D:6)
  5 iguanas
  6 worker ants
  6 adders
  4 shadow imps
  2 adder zombies (D:5)
  4 worms
  2 dart slugs
  4 leopard geckos
  37 orcs
  A ball python (D:1)
  4 bats
  7 giant cockroaches
  12 goblins
  9 hobgoblins
  15 jackals
  20 kobolds
  A quokka (D:3)
  6 frilled lizards
  3 rats
  A plant (Lair:5)
448 creatures vanquished.

Vanquished Creatures (collateral kills)
  A hydra (Lair:3)
  4 elephants
  A cane toad (Lair:3)
  A crocodile (Lair:3)
7 creatures vanquished.

Vanquished Creatures (others)
  11 fungi
  10 plants
  A withered plant (D:8)
22 creatures vanquished.

Grand Total: 477 creatures vanquished

Notes
Turn   | Place    | Note
-------+----------+-------------------------------------------
     0 | D:1      | Morbidden the Vine Stalker Monk began the quest for the
                  | Orb.
     0 | D:1      | Reached XP level 1. HP: 13/13 MP: 3/3
    90 | D:1      | Reached XP level 2. HP: 18/18 MP: 2/4
   365 | D:1      | Reached XP level 3. HP: 19/23 MP: 5/5
   555 | D:1      | Reached skill level 1 in Spellcasting
  1139 | D:2      | Found a shadowy altar of Dithmenos.
  1406 | D:2      | Reached XP level 4. HP: 28/28 MP: 6/6
  1964 | D:3      | Found a shimmering blue altar of Sif Muna.
  2292 | D:3      | Reached skill level 1 in Shields
  2292 | D:3      | Reached XP level 5. HP: 32/32 MP: 6/8
  2345 | D:3      | Found a corrupted altar of Lugonu.
  2625 | D:4      | Found a sparkling altar of Nemelex Xobeh.
  2650 | D:4      | Noticed a sky beast
  2652 | D:4      | Reached skill level 1 in Armour
  2665 | D:4      | Gained mutation: You have razor-sharp teeth. [Vine Stalker
                  | growth]
  2665 | D:4      | Reached XP level 6. HP: 31/37 MP: 8/10
  2673 | D:4      | Killed a sky beast
  2673 | D:4      | Reached skill level 1 in Short Blades
  2673 | D:4      | Reached skill level 2 in Shields
  2784 | D:4      | Noticed a sky beast
  2795 | D:4      | Killed a sky beast
  2795 | D:4      | Reached XP level 7. HP: 32/42 MP: 6/12
  2929 | D:4      | Reached skill level 3 in Shields
  3350 | D:5      | Entered Level 5 of the Dungeon
  3350 | D:5      | Found Lam Ibbo's Assorted Antiques.
  3355 | D:5      | Noticed Eustachio
  3379 | D:4      | Killed Eustachio
  3600 | D:5      | Gained mutation: You have acidic saliva. [Jungle Stalker
                  | growth]
  3600 | D:5      | Gained mutation: Your system is resistant to poisons.
                  | (rPois) [Jungle Stalker growth]
  3600 | D:5      | Reached XP level 8. HP: 43/48 MP: 12/13
  4130 | D:6      | Reached skill level 4 in Shields
  4190 | D:6      | Found a hazy altar of Hepliaklqana.
  4325 | D:6      | Noticed a hippogriff
  4372 | D:6      | Reached skill level 5 in Shields
  4472 | D:6      | Killed a hippogriff
  4472 | D:6      | Reached XP level 9. HP: 49/53 MP: 14/16
  4512 | D:6      | Noticed a troll
  4520 | D:6      | Reached skill level 5 in Fighting
  4579 | D:6      | Killed a troll
  4635 | D:6      | Got an iridescent rapier
  4641 | D:6      | Identified the +3 rapier of the Hierophant {speed, rElec
                  | rF+ Dex-2} (You found it on level 6 of the Dungeon)
  4721 | D:6      | Reached skill level 6 in Shields
  4740 | D:6      | Reached skill level 5 in Spellcasting
  5023 | D:6      | Found Jacsig's Book Boutique.
  5042 | D:6      | Found a staircase to the Ecumenical Temple.
  5071 | Temple   | Entered the Ecumenical Temple
  5147 | Temple   | Became a worshipper of Makhleb the Destroyer
  5147 | Temple   | Reached * piety under Makhleb
  5147 | Temple   | Reached ** piety under Makhleb
  5464 | D:7      | Found a burning altar of Makhleb.
  5631 | D:7      | Reached XP level 10. HP: 59/59 MP: 17/19
  5675 | D:7      | Found a basalt altar of Yredelemnul.
  5702 | D:7      | Reached skill level 7 in Shields
  5934 | D:7      | Noticed a manticore
  5947 | D:7      | Killed a manticore
  6239 | D:7      | Found a sacrificial altar of Ru.
  6240 | D:7      | Found an iron altar of Okawaru.
  6242 | D:7      | Found an ornate altar of the Wu Jian Council.
  6242 | D:7      | Found a radiant altar of Vehumet.
  6373 | D:7      | Noticed a cyclops
  6380 | D:7      | Killed a cyclops
  6380 | D:7      | Reached *** piety under Makhleb
  6494 | D:8      | Found a staircase to the Lair.
  6567 | D:8      | Reached skill level 5 in Short Blades
  6682 | D:8      | Noticed Prince Ribbit
  6694 | D:8      | Killed Prince Ribbit
  6868 | D:8      | Found an ancient bone altar of Kikubaaqudgha.
  6957 | D:8      | Reached XP level 11. HP: 65/65 MP: 21/21
  7236 | D:9      | Reached skill level 8 in Shields
  7256 | D:8      | Reached skill level 5 in Dodging
  7408 | D:9      | Reached **** piety under Makhleb
  7776 | D:9      | Noticed a two-headed ogre
  7787 | D:9      | Killed a two-headed ogre
  7879 | D:9      | Found a glowing silver altar of Zin.
  7957 | D:10     | Entered Level 10 of the Dungeon
  8142 | D:10     | Reached skill level 5 in Invocations
  8205 | D:10     | Found Caofus's Weapon Boutique.
  8213 | D:10     | Bought a +2 scimitar of electrocution for 308 gold pieces
  8350 | D:10     | Found a portal to a secret trove of treasure.
  8446 | D:10     | Found Qugurab's General Store.
  8468 | D:10     | Noticed a centaur warrior
  8474 | D:10     | Killed a centaur warrior
  8474 | D:10     | Reached skill level 1 in Long Blades
  8704 | D:10     | Reached skill level 5 in Stealth
  8711 | D:10     | Noticed a red ugly thing
  8723 | D:10     | Killed a red ugly thing
  8723 | D:10     | Reached skill level 5 in Armour
  8863 | D:10     | Reached skill level 9 in Shields
  8890 | D:10     | Found a staircase to the Orcish Mines.
  9092 | D:10     | Noticed Grum
  9101 | D:10     | Killed Grum
  9270 | Lair:1   | Entered Level 1 of the Lair of Beasts
  9333 | Lair:1   | Noticed a five-headed hydra
  9346 | Lair:1   | Killed a five-headed hydra
  9368 | Lair:1   | Gained mutation: You heal very quickly. [Jungle Stalker
                  | growth]
  9368 | Lair:1   | Reached XP level 12. HP: 70/72 MP: 16/24
  9854 | Lair:1   | Noticed a five-headed hydra
  9857 | Lair:1   | Reached ***** piety under Makhleb
  9883 | Lair:1   | Killed a five-headed hydra
 10021 | Lair:1   | Noticed Joseph
 10027 | Lair:1   | Killed Joseph
 10532 | Lair:2   | Found a transporter.
 10548 | Lair:2   | Reached skill level 10 in Shields
 10562 | Lair:2   | Found a transporter.
 10577 | Lair:2   | Noticed a seven-headed hydra
 10577 | Lair:2   | Noticed yrara's ghost (journeyman DsFi)
 10579 | Lair:2   | Noticed a death yak
 10667 | Lair:2   | Reached skill level 5 in Long Blades
 11003 | Lair:2   | Reached XP level 13. HP: 77/77 MP: 18/26
 11453 | Lair:3   | Found a hole to the Spider Nest.
 11466 | Lair:3   | Noticed Nergalle
 11954 | Lair:3   | Got a crude robe
 11955 | Lair:3   | Identified the +3 robe "Danair" {rF- rCorr Str+3 Int+5}
                  | (You found it on level 3 of the Lair of Beasts)
 12104 | Lair:3   | Got a smoking leather armour
 12113 | Lair:3   | Noticed Sonja
 12115 | Lair:3   | Killed Sonja
 12323 | Lair:3   | Found a staircase to the Shoals.
 12913 | Lair:4   | Killed Nergalle
 13207 | Lair:4   | Reached skill level 11 in Shields
 13221 | Lair:4   | Reached XP level 14. HP: 77/84 MP: 19/28
 14196 | Lair:5   | Got a crude robe
 14475 | Lair:5   | Reached ****** piety under Makhleb
 14617 | Lair:5   | Identified the +0 leather armour "Aloququ" {rElec rPois
                  | MR+++ Str-4} (You found it on level 3 of the Lair of
                  | Beasts)
 14619 | Lair:5   | Identified the +1 robe of Vukoim {Str+3} (You found it on
                  | level 5 of the Lair of Beasts)
 15695 | D:11     | Found a gate to the Vaults.
 15695 | D:11     | Noticed an ironheart preserver
 15739 | D:11     | Killed an ironheart preserver
 15903 | D:12     | Entered Level 12 of the Dungeon
 15932 | D:12     | Found Zeivvux's Weapon Shop.
 16635 | D:12     | Reached skill level 10 in Spellcasting
 16817 | D:12     | Noticed an entropy weaver
 16817 | D:12     | a fire dragon changed into an entropy weaver
 16823 | D:12     | an entropy weaver changed into a catoblepas
 17071 | D:12     | Found a staircase to the Depths.
 17273 | Orc      | Entered the Orcish Mines
 17506 | Orc      | Found a staircase to the Elven Halls.
 17563 | Orc      | Noticed Fannar
 17588 | Orc      | Killed Fannar
 17634 | Orc      | Noticed Jorgrun
 17806 | Orc      | Killed from afar by Jorgrun

Skill      XL: |  1  2  3  4  5  6  7  8  9 10 11 12 13 14 |
---------------+-------------------------------------------+-----
Fighting       | 3 4 5 6 7 8 |  8.7
Spellcasting   | 1 2 3 4 5 6 7 8 9 10 | 10.1
Shields        | 1 2 3 5 6 7 9 10 11 | 11.4
Armour         | 1 2 3 4 5 6 |  6.7
Short Blades   | 1 2 3 4 5 |  5.7
Stealth        | 4 5 6 |  6.0
Dodging        | 4 5 6 |  6.5
Invocations    | 4 5 6 7 8 |  8.2
Long Blades    | 3 5 7 8 |  8.9
Unarmed Combat | |  3.6
Evocations     | |  0.2

Action                   |  1- 3 |  4- 6 |  7- 9 | 10-12 | 13-15 || total
-------------------------+-------+-------+-------+-------+-------++-------
Melee: Unarmed           |   159 |     3 |       |       |       ||   162
       Bite              |    13 |    23 |    59 |   129 |   102 ||   326
       Dagger            |       |   158 |   382 |   529 |   234 ||  1303
       Scimitar          |       |       |       |   291 |   531 ||   822
Invok: Lesser Servant of |       |       |       |       |     7 ||     7
       Minor Destruction |       |       |       |       |    49 ||    49
       Major Destruction |       |       |       |       |     1 ||     1
Evoke: Wand              |       |       |     1 |     3 |     6 ||    10
  Use: Scroll            |     1 |     1 |     8 |    14 |    11 ||    35
 Stab: Sleeping          |     4 |     1 |     2 |    12 |    15 ||    34
       Distracted        |     1 |       |       |       |     1 ||     2
  Eat: Chunk             |     2 |     4 |    10 |    18 |    16 ||    50
       Ration            |       |       |       |       |     2 ||     2
Armor: Robe              |    15 |       |       |       |       ||    15
       Scale mail        |    26 |    71 |   138 |   255 |   211 ||   701
Dodge: Dodged            |    75 |    43 |   103 |   359 |   323 ||   903
Block: Medium shield     |    25 |    85 |   223 |   574 |   592 ||  1499
